 Dungeon Crawl Stone Soup version 0.26-a0-667-g92642533e4 (webtiles) character file.

Game seed: 3173539455719002303

703 Demosthentine the Shield-Bearer (level 7, -2/56 HPs)
             Began as a Formicid Fighter on Oct 16, 2020.
             Slain by an orc warrior
             ... wielding a +0 short sword
              (10 damage)
             ... on level 6 of the Dungeon.
             The game lasted 00:04:07 (3873 turns).

Demosthentine the Shield-Bearer (Formicid Fighter)  Turns: 3873, Time: 00:04:07

Health: -2/56      AC:  7    Str: 23    XL:     7   Next: 99%
Magic:  7/7        EV: 10    Int:  7    God:
Gold:   318        SH: 11    Dex: 10    Spells: 6/6 levels left

rFire    + . .     SeeInvis +   a - +1 war axe
rCold    . . .     Faith    .   c - +1 kite shield
rNeg     . . .     Spirit   .   b - +0 scale mail
rPois    +         Reflect  .   (helmet unavailable)
rElec    .         Harm     .   (no cloak)
rCorr    .         Rampage  .   (no gloves)
MR       .....                  (no boots)
Stlth    +.........             l - amulet of inaccuracy (curse)
HPRegen  0.18/turn              j - ring of flight
MPRegen  0.10/turn              v - ring of poison resistance

@: no status effects
A: permanent stasis, dig shafts and tunnels, four strong arms, antennae 3,
camouflage 1, fire resistance 1
a: Dig, Shaft Self, Evoke Flight


You were on level 6 of the Dungeon.
You visited 1 branch of the dungeon, and saw 6 of its levels.

You collected 318 gold pieces.

Inventory:

Hand Weapons
 a - a +1 war axe (weapon)
Missiles
 e - 15 poisoned darts (quivered)
 t - 7 silver javelins
Armour
 b - a +0 scale mail (worn)
 c - a +1 kite shield (worn)
 u - a +1 tower shield of resistance
Jewellery
 f - an uncursed amulet of reflection
 g - an uncursed amulet of regeneration
 j - a ring of flight (left hand)
 l - a cursed amulet of inaccuracy (around neck)
 v - a ring of poison resistance (right hand)
Wands
 m - a wand of polymorph (5)
 n - a wand of flame (14)
 q - a wand of disintegration (12)
 w - a wand of random effects (20)
Scrolls
 k - a scroll of enchant weapon
 r - a scroll of fear
Potions
 d - a potion of might
 h - 2 potions of curing
 i - a potion of mutation
 o - a potion of magic


   Skills:
 + Level 5.1 Fighting
 + Level 4.0 Axes
 + Level 5.1 Armour
 + Level 3.0 Dodging
 + Level 5.6 Shields


You had 6 spell levels left.
You didn't know any spells.
Your spell library was empty.

Dungeon Overview and Level Annotations

Branches:
Dungeon (6/15)
 Temple: D:4-7

Altars:
Ashenzari
Gozag
Nemelex Xobeh
Uskayaw
Wu Jian


Innate Abilities, Weirdness & Mutations

You cannot be hasted, slowed, berserked, paralysed or teleported.
You can dig through walls and to a lower floor.
Your four strong arms can wield two-handed weapons with a shield.
You have a pair of large antennae on your head. (SInv)
Your skin changes colour to match your surroundings (Stealth+).
Your flesh is heat resistant. (rF+)


Message History

The orc warrior is heavily wounded.
You block the orc warrior's attack.
The orc warrior hits you with a +0 short sword.
You hit the orc warrior.
The orc warrior is heavily wounded.
You block the orc warrior's attack.
You barely miss the orc warrior.
The orc warrior is heavily wounded.
The orc warrior hits you with a +0 short sword.
You hit the orc warrior but do no damage.
The orc warrior is heavily wounded.
The orc warrior hits you with a +0 short sword!
* * * LOW HITPOINT WARNING * * *
You hit the orc warrior but do no damage.
The orc warrior is heavily wounded.
You block the orc warrior's attack. x2
You hit the orc warrior.
The orc warrior is heavily wounded.
The orc warrior hits you with a +0 short sword!
You die...

#.# #.#.# #.#
#...# #
#.###..##.###
#...........#
##.##..####.#
...........#.##.#
##..............#
#..##..##.#.####
#.. #...@...# #.
##.)o...# #
#..#.#.# #..#.#.#
#..#.#.# ...... #
##..#.# #.. .#


You could see an orc warrior.

Vanquished Creatures
  A sky beast (D:5)
  An ogre (D:5)
  A phantom (D:4)
  A bullfrog skeleton (D:4)
  A hound (D:5)
  5 orc wizards
  2 worker ants
  3 adders
  8 river rats (D:5)
  An ufetubus (D:5)
  An ooze (D:3)
  2 worms
  3 leopard geckos
  12 orcs
  7 bats
  4 giant cockroaches
  4 goblins
  4 hobgoblins
  7 quokkas
  3 frilled lizards
  A jackal zombie (D:5)
  5 kobolds
  A leopard gecko skeleton (D:6)
  A quokka skeleton (D:5)
  25 rats
104 creatures vanquished.

Notes
Turn   | Place    | Note
-------+----------+-------------------------------------------
     0 | D:1      | Demosthentine the Formicid Fighter began the quest for the
                  | Orb.
     0 | D:1      | Reached XP level 1. HP: 18/18 MP: 1/1
   333 | D:1      | Reached XP level 2. HP: 20/24 MP: 2/2
   681 | D:2      | Found a broken altar of Ashenzari.
   891 | D:2      | Found a hide-covered altar of Uskayaw.
  1249 | D:3      | Reached XP level 3. HP: 29/29 MP: 3/3
  1503 | D:3      | Found a sparkling altar of Nemelex Xobeh.
  1521 | D:3      | Reached skill level 1 in Dodging
  1524 | D:3      | Reached XP level 4. HP: 33/37 MP: 4/4
  1987 | D:4      | Reached XP level 5. HP: 40/42 MP: 5/5
  2332 | D:4      | Noticed a phantom
  2372 | D:4      | Killed a phantom
  2372 | D:4      | Reached XP level 6. HP: 28/48 MP: 6/6
  2642 | D:5      | Entered Level 5 of the Dungeon
  2663 | D:5      | Found an ornate altar of the Wu Jian Council.
  2775 | D:5      | Reached skill level 5 in Shields
  3081 | D:5      | Noticed an ogre
  3088 | D:5      | Killed an ogre
  3088 | D:5      | Reached XP level 7. HP: 33/55 MP: 7/7
  3246 | D:5      | Found an opulent altar of Gozag.
  3571 | D:5      | Reached skill level 5 in Fighting
  3571 | D:5      | Reached skill level 5 in Armour
  3856 | D:6      | Gained mutation: Your flesh is heat resistant. (rF+)
                  | [potion of mutation]
  3856 | D:6      | Gained mutation: Your skin changes colour to match your
                  | surroundings (Stealth+). [potion of mutation]
  3873 | D:6      | Slain by an orc warrior

Illustrated notes

Levels and vault maps discovered:
D:1:      minmay_arrival_diagonal_passages, layout_basic
D:2:      layout_basic, lemuel_doored_altar, evilmike_ruin_ashenzari
D:3:      layout_loops_ring, nicolae_overflow_crystal_walls, chequers_arboretum,
          grunt_ministairs_7, kennysheep_generic_room_13
D:4:      layout_basic
D:5:      lemuel_ratsnest, layout_loops_ring, grunt_gozag_statues,
          old_standard_altar
D:6:      layout_loops_ring, lemuel_round_altar,
          nicolae_ru_sacrificial_ziggurat, kennysheep_little_box,
          minmay_temple_entry_stoned_glass

Skill      XL: |  1  2  3  4  5  6  7 |
---------------+----------------------+-----
Shields        | 4 5 |  5.6
Dodging        | 1 2 3 |  3.0
Fighting       | 4 5 |  5.1
Armour         | 4 5 |  5.1
Axes           | 3 4 |  4.0

Action                   |  1- 3 |  4- 6 |  7- 9 || total
-------------------------+-------+-------+-------++-------
Melee: War axe           |    86 |   115 |   135 ||   336
  Use: Scroll            |     4 |     4 |     2 ||    10
       Potion            |       |       |     3 ||     3
Armor: Scale mail        |    42 |    35 |    30 ||   107
Dodge: Dodged            |    30 |    26 |    18 ||    74
Block: Kite shield       |    57 |    84 |    98 ||   239
       Reflection        |       |       |     1 ||     1

Table legend: (Time is in decaauts)
 A = Elapsed time spent in this place.
 B = Non-inter-level travel time spent in this place.
 C = Inter-level travel time spent in this place.
 D = Time resting spent in this place.
 E = Time spent auto-exploring this place.
 F = Levels seen in this place.
 G = Mean time per level.
                   A        B        C        D        E       F      G
               +--------+--------+--------+--------+--------+-----+--------+
         Total |   4002 |   3884 |    118 |      0 |   3077 |   6 |  667.0 |
       Dungeon |   4002 |   3884 |    118 |      0 |   3077 |   6 |  667.0 |
               +--------+--------+--------+--------+--------+-----+--------+

Top non-repeatable levels by time:
     D:5: 1231 daAuts
     D:3: 795 daAuts
     D:4: 701 daAuts
     D:2: 613 daAuts
     D:1: 601 daAuts
     D:6: 59 daAuts
